TOP OF THE 1ST |
Nashville Outlaws batting - Pitching for Thunder Bay Northern Lions BC : RHP Maximiano Agostinho
|
Pitching: RHP Maximiano Agostinho
|
|
Batting: LHB Juan Santángel
|
0-0: Ball 1-0: Called Strike 1-1: SINGLE (Groundball, 3D, EV 94.4 MPH)
|
Batting: LHB Bartolo Soto
|
0-0: Ball 1-0: Fly out, F7 (Flyball, 7LD, EV 98.1 MPH)
|
Batting: RHB Omar Luoa
|
0-0: Ball 1-0: Foul Ball, location: 2F 1-1: Ball 2-1: Ball 3-1: SINGLE (Groundball, 6D, EV 108.1 MPH) Juan Santángel to second Runner from 2nd tries for 3rd, SAFE, no throw by CF
|
Batting: LHB Brian Harmon
|
0-0: Called Strike Pickoff Throw by Catcher to First - Out! 0-1: Fly out, F3 (Line Drive, 3, EV 72.5 MPH)
|
Top of the 1st over - 0 runs, 2 hits, 0 errors, 1 left on base; Nashville 0 - Thunder Bay 0 |
BOTTOM OF THE 1ST |
Thunder Bay Northern Lions BC batting - Pitching for Nashville Outlaws : RHP Firpo Marberry
|
Pitching: RHP Firpo Marberry
|
|
Batting: LHB Ramón Padilla
|
0-0: Called Strike 0-1: Ball 1-1: Ball 2-1: Foul Ball, location: 2F 2-2: Fly out, F1 (Line Drive, P, EV 68.8 MPH)
|
Batting: RHB Wally Hill
|
0-0: DOUBLE (Line Drive, 8RD, EV 101.2 MPH)
|
Batting: LHB Keaton Kringlen
|
0-0: Ball Wally Hill steals 3rd base 1-0: Swinging Strike 1-1: Swinging Strike 1-2: Foul Ball, location: 2F 1-2: Ball 2-2: SINGLE (Flyball, 8RS, EV 100.0 MPH) Wally Hill scores
|
Batting: LHB Yao-pang Chiang
|
0-0: Ball 1-0: Called Strike 1-1: Fly out, F8 (Line Drive, 8RD, EV 85.6 MPH)
|
Batting: SHB Senthamilselvi Manohoran
|
0-0: Called Strike 0-1: Ball 1-1: Foul Ball, location: 2F 1-2: Ball 2-2: DOUBLE (Line Drive, 9LS, EV 114.4 MPH) Keaton Kringlen to third
|
Batting: SHB Enrique Martínez
|
0-0: Ball 1-0: Ground out 5-3 (Groundball, 56, EV 86.2 MPH)
|
Bottom of the 1st over - 1 run, 3 hits, 0 errors, 2 left on base; Nashville 0 - Thunder Bay 1 |
TOP OF THE 2ND |
Nashville Outlaws batting - Pitching for Thunder Bay Northern Lions BC : RHP Maximiano Agostinho
|
Batting: LHB Duff Eckstein
|
0-0: Called Strike 0-1: Ball 1-1: Ball 2-1: Called Strike 2-2: SINGLE (Line Drive, 4D, EV 93.8 MPH)
|
Batting: RHB Pat Deakin
|
0-0: SINGLE (Groundball, 56D, EV 101.9 MPH) Duff Eckstein to second
|
Batting: RHB Jong-yun Rhee
|
0-0: Ball 1-0: Foul Ball, location: 2F 1-1: Swinging Strike 1-2: Ball 2-2: Grounds into double play, 5-4-3 (Groundball, 56, EV 103.1 MPH) Duff Eckstein to third
|
Batting: LHB Wilson Hernández
|
0-0: Called Strike 0-1: Swinging Strike 0-2: Ball 1-2: Ball Wild Pitch! Duff Eckstein scores 2-2: Strikes out swinging
|
Top of the 2nd over - 1 run, 2 hits, 0 errors, 0 left on base; Nashville 1 - Thunder Bay 1 |
BOTTOM OF THE 2ND |
Thunder Bay Northern Lions BC batting - Pitching for Nashville Outlaws : RHP Firpo Marberry
|
Batting: RHB Dragoljub Kandic
|
0-0: Fly out, F8 (Flyball, 8LM, EV 88.8 MPH)
|
Batting: RHB Mark Kirk
|
0-0: Ground out 4-3 (Groundball, 34, EV 81.2 MPH)
|
Batting: RHB Álex Chávez
|
0-0: Called Strike 0-1: Ball 1-1: Foul Ball, location: 2F 1-2: SINGLE (Line Drive, 4MD, EV 95.6 MPH)
|
Batting: LHB Ramón Padilla
|
0-0: Called Strike 0-1: Ball 1-1: Ball 2-1: Ball 3-1: Called Strike 3-2: Foul Ball, location: 2F 3-2: Base on Balls Álex Chávez to second
|
Batting: RHB Wally Hill
|
0-0: Ball 1-0: Ball 2-0: Ball 3-0: Called Strike 3-1: TRIPLE (Line Drive, 78XD, EV 101.2 MPH) Álex Chávez scores Ramón Padilla scores
|
Pitching: RHP Napoleon Vitagliano
|
|
Batting: LHB Keaton Kringlen
|
0-0: Ball 1-0: Called Strike 1-1: Ball 2-1: Foul Ball, location: 2F 2-2: SINGLE (Line Drive, 7LS, EV 91.9 MPH) Wally Hill scores
|
Batting: LHB Yao-pang Chiang
|
0-0: Ball 1-0: Ball 2-0: Swinging Strike 2-1: 2-RUN HOME RUN (Flyball, 9LD, EV 85.6 MPH), Distance : 350 ft
|
Batting: SHB Senthamilselvi Manohoran
|
0-0: Swinging Strike 0-1: Ball 1-1: Foul Ball, location: 2F 1-2: Foul Ball, location: 2F 1-2: Strikes out swinging
|
Bottom of the 2nd over - 5 runs, 4 hits, 0 errors, 0 left on base; Nashville 1 - Thunder Bay 6 |
TOP OF THE 3RD |
Nashville Outlaws batting - Pitching for Thunder Bay Northern Lions BC : RHP Maximiano Agostinho
|
Batting: RHB Jiao-long Xú
|
0-0: Ground out 6-3 (Groundball, 6, EV 100.6 MPH)
|
Batting: LHB Juan Santángel
|
0-0: Ball 1-0: Ball 2-0: Called Strike 2-1: Fly out, F7 (Flyball, 78M, EV 88.1 MPH)
|
Batting: LHB Bartolo Soto
|
0-0: Fly out, F8 (Flyball, 78S, EV 78.1 MPH)
|
Top of the 3rd over - 0 runs, 0 hits, 0 errors, 0 left on base; Nashville 1 - Thunder Bay 6 |
BOTTOM OF THE 3RD |
Thunder Bay Northern Lions BC batting - Pitching for Nashville Outlaws : RHP Napoleon Vitagliano
|
Batting: SHB Enrique Martínez
|
0-0: SINGLE (Flyball, 7S, EV 100.0 MPH)
|
Batting: RHB Dragoljub Kandic
|
0-0: Called Strike 0-1: Swinging Strike 0-2: Foul Ball, location: 2F 0-2: Ball 1-2: Strikes out looking
|
Batting: RHB Mark Kirk
|
0-0: Called Strike 0-1: Called Strike 0-2: Ball 1-2: Foul Ball, location: 2F 1-2: Grounds out, U3 (Groundball, 3L, EV 85.6 MPH)
|
Batting: RHB Álex Chávez
|
0-0: Called Strike 0-1: Ball 1-1: Ground out 1-3 (Groundball, 13S, EV 67.5 MPH)
|
Bottom of the 3rd over - 0 runs, 1 hit, 0 errors, 1 left on base; Nashville 1 - Thunder Bay 6 |
TOP OF THE 4TH |
Nashville Outlaws batting - Pitching for Thunder Bay Northern Lions BC : RHP Maximiano Agostinho
|
Batting: RHB Omar Luoa
|
0-0: Ball 1-0: Fly out, F9 (Flyball, 9LDF, EV 101.9 MPH)
|
Batting: LHB Brian Harmon
|
0-0: Called Strike 0-1: Ball 1-1: Called Strike 1-2: Foul Ball, location: 2F 1-2: Fly out, F8 (Flyball, 8LS, EV 83.8 MPH)
|
Batting: LHB Duff Eckstein
|
0-0: Called Strike 0-1: Ball 1-1: Foul Ball, location: 2F 1-2: Ball 2-2: Strikes out swinging
|
Top of the 4th over - 0 runs, 0 hits, 0 errors, 0 left on base; Nashville 1 - Thunder Bay 6 |
BOTTOM OF THE 4TH |
Thunder Bay Northern Lions BC batting - Pitching for Nashville Outlaws : RHP Napoleon Vitagliano
|
Batting: LHB Ramón Padilla
|
0-0: Ball 1-0: Ball 2-0: Foul Ball, location: 2F 2-1: Foul Ball, location: 2F 2-2: Foul Ball, location: 2F 2-2: Ball 3-2: Strikes out looking
|
Batting: RHB Wally Hill
|
0-0: Reached on error, E6 (Groundball, 6, EV 101.2 MPH)
|
Batting: LHB Keaton Kringlen
|
0-0: Called Strike Wally Hill steals 2nd base 0-1: Fly out, F8 (Flyball, 8RD, EV 100.0 MPH) Runner from 2nd tags up, OUT at 3rd! 8-5
|
Bottom of the 4th over - 0 runs, 0 hits, 1 error, 0 left on base; Nashville 1 - Thunder Bay 6 |
TOP OF THE 5TH |
Nashville Outlaws batting - Pitching for Thunder Bay Northern Lions BC : RHP Maximiano Agostinho
|
Pitching: RHP Jean-Marie Beck
|
|
Batting: RHB Pat Deakin
|
0-0: Called Strike 0-1: Ground out 2-3 (Groundball, 13S, EV 64.4 MPH)
|
Batting: RHB Jong-yun Rhee
|
0-0: Ball 1-0: Called Strike 1-1: Called Strike 1-2: Ball 2-2: Foul Ball, location: 2F 2-2: Strikes out swinging
|
Batting: LHB Wilson Hernández
|
0-0: Ball 1-0: Foul Ball, location: 2F 1-1: Foul Ball, location: 2F 1-2: Strikes out swinging
|
Top of the 5th over - 0 runs, 0 hits, 0 errors, 0 left on base; Nashville 1 - Thunder Bay 6 |
BOTTOM OF THE 5TH |
Thunder Bay Northern Lions BC batting - Pitching for Nashville Outlaws : RHP Napoleon Vitagliano
|
Batting: LHB Yao-pang Chiang
|
0-0: Reached on error, E5 (Groundball, 56S, EV 83.1 MPH)
|
Batting: SHB Senthamilselvi Manohoran
|
0-0: Foul Ball, location: 2F 0-1: Called Strike 0-2: Foul Ball, location: 2F 0-2: Ball 1-2: SINGLE (Flyball, 34D, EV 93.1 MPH) Yao-pang Chiang to second
|
Pitching: RHP Steve Young
|
|
Batting: SHB Enrique Martínez
|
0-0: TRIPLE (Flyball, 7LD, EV 107.5 MPH) Yao-pang Chiang scores Senthamilselvi Manohoran scores
|
Batting: RHB Dragoljub Kandic
|
0-0: Called Strike 0-1: Ball 1-1: Swinging Strike 1-2: Fly out, F6 (Popup, 6S, EV 67.5 MPH)
|
Batting: RHB Mark Kirk
|
0-0: Ball 1-0: Ball 2-0: Called Strike 2-1: Foul Ball, location: 2F 2-2: Foul Ball, location: 2F 2-2: Reached on error, E4 (Groundball, 4, EV 77.5 MPH) Enrique Martínez scores
|
Batting: RHB Álex Chávez
|
0-0: Swinging Strike 0-1: Foul Ball, location: 2F 0-2: Fielders Choice at 2nd, 1-4 (Groundball, 15S, EV 72.5 MPH)
|
Pinch Hitting: RHB Barton Ryan
|
0-0: Called Strike 0-1: Ball 1-1: Called Strike 1-2: Foul Ball, location: 2F 1-2: Ball 2-2: Foul Ball, location: 2F 2-2: Foul Ball, location: 2F 2-2: Ground out 6-3 (Groundball, 6, EV 90.0 MPH)
|
Bottom of the 5th over - 3 runs, 2 hits, 2 errors, 1 left on base; Nashville 1 - Thunder Bay 9 |
TOP OF THE 6TH |
Nashville Outlaws batting - Pitching for Thunder Bay Northern Lions BC : RHP Jean-Marie Beck
|
Now at SS: Barton Ryan
|
|
Batting: RHB Jiao-long Xú
|
0-0: Ball 1-0: Ball 2-0: Ball 3-0: Called Strike 3-1: Called Strike 3-2: Ground out 5-3 (Groundball, 56, EV 89.4 MPH)
|
Batting: LHB Juan Santángel
|
0-0: Swinging Strike 0-1: Ball 1-1: Ball 2-1: Ball 3-1: Swinging Strike 3-2: Base on Balls
|
Batting: LHB Bartolo Soto
|
0-0: Called Strike 0-1: Called Strike 0-2: SINGLE (Line Drive, 89S, EV 94.4 MPH) Juan Santángel to second
|
Batting: RHB Omar Luoa
|
0-0: Fly out, F7 (Flyball, 7LS, EV 85.6 MPH)
|
Batting: LHB Brian Harmon
|
0-0: Ground out 6-3 (Groundball, 6S, EV 90.0 MPH)
|
Top of the 6th over - 0 runs, 1 hit, 0 errors, 2 left on base; Nashville 1 - Thunder Bay 9 |
BOTTOM OF THE 6TH |
Thunder Bay Northern Lions BC batting - Pitching for Nashville Outlaws : RHP Steve Young
|
Pinch Hitting: RHB Curf Pierstisnips
|
0-0: Called Strike 0-1: SINGLE (Groundball, 34D, EV 94.4 MPH)
|
Pinch Hitting: LHB Todd Strachota
|
0-0: Ball 1-0: Swinging Strike 1-1: Ball 2-1: Called Strike 2-2: Ball 3-2: Fly out, F8 (Flyball, 89M, EV 88.1 MPH)
|
Batting: LHB Robert Shannon
|
0-0: Foul Ball, location: 2F 0-1: Ball 1-1: Ball 2-1: Foul Ball, location: 2F 2-2: Grounds into double play, 4-6-3 (Groundball, 4M, EV 90.0 MPH)
|
Bottom of the 6th over - 0 runs, 1 hit, 0 errors, 0 left on base; Nashville 1 - Thunder Bay 9 |
TOP OF THE 7TH |
Nashville Outlaws batting - Pitching for Thunder Bay Northern Lions BC : RHP Jean-Marie Beck
|
Now at 2B: Curf Pierstisnips
|
|
Now in LF: Todd Strachota
|
|
Batting: LHB Duff Eckstein
|
0-0: Called Strike 0-1: SINGLE (Flyball, 78M, EV 93.8 MPH)
|
Batting: RHB Pat Deakin
|
0-0: Ball 1-0: Swinging Strike 1-1: Called Strike 1-2: Foul Ball, location: 2F 1-2: Ball 2-2: Ball 3-2: Fly out, F7 (Flyball, 7, EV 86.2 MPH)
|
Batting: RHB Jong-yun Rhee
|
0-0: Ball 1-0: Ball 2-0: Swinging Strike 2-1: Called Strike 2-2: Ball 3-2: Foul Ball, location: 2F 3-2: Fielders Choice at 2nd, 4-6 (Groundball, 4M, EV 106.2 MPH)
|
Batting: LHB Wilson Hernández
|
0-0: Foul Ball, location: 2F 0-1: Called Strike 0-2: Strikes out swinging
|
Top of the 7th over - 0 runs, 1 hit, 0 errors, 1 left on base; Nashville 1 - Thunder Bay 9 |
BOTTOM OF THE 7TH |
Thunder Bay Northern Lions BC batting - Pitching for Nashville Outlaws : RHP Steve Young
|
Batting: SHB Senthamilselvi Manohoran
|
0-0: Ball 1-0: Called Strike 1-1: Foul Ball, location: 2F 1-2: Ball 2-2: Ball 3-2: Base on Balls
|
Pinch Hitting: RHB Frank Tatum
|
0-0: Ball 1-0: Called Strike 1-1: Ball 2-1: Foul Ball, location: 2F 2-2: Foul Ball, location: 2F 2-2: Strikes out swinging
|
Pinch Hitting: RHB Cord Hosenbeck
|
0-0: Called Strike 0-1: Ball 1-1: Ball 2-1: Foul Ball, location: 2F 2-2: Foul Ball, location: 2F 2-2: Strikes out swinging
|
Pinch Hitting: RHB Archie Pittman
|
0-0: Ball 1-0: Called Strike 1-1: Called Strike 1-2: Ball 2-2: Fly out, F8 (Flyball, 8LM, EV 91.2 MPH)
|
Bottom of the 7th over - 0 runs, 0 hits, 0 errors, 1 left on base; Nashville 1 - Thunder Bay 9 |
TOP OF THE 8TH |
Nashville Outlaws batting - Pitching for Thunder Bay Northern Lions BC : RHP Jean-Marie Beck
|
Now at 1B: Cord Hosenbeck
|
|
Now in CF: Archie Pittman
|
|
Now in RF: Frank Tatum
|
|
Batting: RHB Jiao-long Xú
|
0-0: Ball 1-0: Ground out 6-3 (Groundball, 6MS, EV 85.6 MPH)
|
Pinch Hitting: LHB Daniel Page
|
0-0: Ball 1-0: Called Strike 1-1: Fly out, F8 (Line Drive, 8RM, EV 106.2 MPH)
|
Batting: LHB Bartolo Soto
|
0-0: Ball 1-0: Called Strike 1-1: Ball 2-1: Called Strike 2-2: Foul Ball, location: 2F 2-2: Ground out 6-3 (Groundball, 6D, EV 102.5 MPH)
|
Top of the 8th over - 0 runs, 0 hits, 0 errors, 0 left on base; Nashville 1 - Thunder Bay 9 |
BOTTOM OF THE 8TH |
Thunder Bay Northern Lions BC batting - Pitching for Nashville Outlaws : RHP Steve Young
|
Now in LF: Daniel Page
|
|
Pinch Hitting: LHB Alex Joly
|
0-0: Foul Ball, location: 2F 0-1: Ball 1-1: SINGLE (Groundball, 4D, EV 97.5 MPH)
|
Pitching: LHP Rafael Herrera
|
|
Batting: RHB Barton Ryan
|
0-0: Ball 1-0: Ball 2-0: Called Strike 2-1: Fielders Choice at 2nd, 6-4 (Groundball, 6, EV 108.1 MPH)
|
Batting: RHB Curf Pierstisnips
|
0-0: Foul Ball, location: 2F 0-1: Ball 1-1: Fielders Choice at 2nd, 1-4 (Groundball, P, EV 81.2 MPH)
|
Batting: LHB Todd Strachota
|
0-0: Called Strike 0-1: Ball 1-1: Called Strike 1-2: Strikes out swinging
|
Bottom of the 8th over - 0 runs, 1 hit, 0 errors, 1 left on base; Nashville 1 - Thunder Bay 9 |
TOP OF THE 9TH |
Nashville Outlaws batting - Pitching for Thunder Bay Northern Lions BC : RHP Jean-Marie Beck
|
Pitching: RHP Steven Crockett
|
|
Now at 3B: Alex Joly
|
|
Batting: LHB Nikolai Volkoff
|
0-0: Called Strike 0-1: SINGLE (Line Drive, 6MD, EV 94.4 MPH)
|
Batting: LHB Brian Harmon
|
0-0: SINGLE (Groundball, 4MD, EV 105.6 MPH) Nikolai Volkoff to second
|
Pinch Hitting: LHB Jorge Mateu
|
0-0: SINGLE (Groundball, 4D, EV 100.0 MPH) Nikolai Volkoff to third Brian Harmon to second
|
Pinch Hitting: RHB Juan Perales
|
0-0: Ball 1-0: Ball 2-0: Grounds into double play, 6-4-3 (Groundball, 56, EV 106.9 MPH) Nikolai Volkoff scores Brian Harmon to third
|
Pinch Hitting: RHB Ace Felder
|
0-0: Swinging Strike 0-1: Ground out 5-3 (Groundball, 56, EV 108.8 MPH)
|
Top of the 9th over - 1 run, 3 hits, 0 errors, 1 left on base; Nashville 2 - Thunder Bay 9 |
|